 Dungeon Crawl Stone Soup version 0.28.0 (webtiles) character file.

Game seed: 3775568225033298114

142 HallandMoats the Ruffian (level 5, -1/47 HPs)
             Began as a Ghoul Monk on Feb 12, 2022.
             Was a Priest of Wu Jian.
             Slain by a kobold (3 damage)
             ... on level 3 of the Dungeon.
             The game lasted 00:02:15 (2656 turns).

HallandMoats the Ruffian (Ghoul Monk)               Turns: 2656, Time: 00:02:15

Health: -1/47      AC:  5    Str: 17    XL:     5   Next: 24%
Magic:  5/5        EV: 12    Int:  5    God:    Wu Jian [***...]
Gold:   105        SH:  0    Dex: 11    Spells: 4/4 levels left

rFire   . . .      SeeInvis .     - Unarmed
rCold   + . .      Faith    .   (no shield)
rNeg    + + +      Spirit   .   a - +0 robe
rPois   ∞          Reflect  .   k - +2 helmet
rElec   .          Harm     .   (no cloak)
rCorr   .          Rampage  .   (no gloves)
Will    .....                   (no boots)
Stlth   ++........              (no amulet)
HPRegen 0.00/turn               (no ring)
MPRegen 0.09/turn               (no ring)

@: inhibited regen
A: claws 1, cold resistance 1, negative energy resistance 3, inhibited
regeneration, torment resistance 2
a: Renounce Religion, Wall Jump, Serpent's Lash


You were on level 3 of the Dungeon.
You worshipped Wu Jian.
Wu Jian was most pleased with you.
You visited 1 branch of the dungeon, and saw 3 of its levels.

You collected 105 gold pieces.

Inventory:

Armour
 a - a +0 robe (worn)
 k - a +2 helmet (worn)
Jewellery
 l - an amulet of faith
Scrolls
 b - a scroll of enchant armour {unknown}
 g - a scroll of noise {unknown}
 i - 4 scrolls of identify {unknown}
Potions
 c - a potion of resistance {unknown}
 d - a potion of cancellation {unknown}
 e - 2 potions of mutation {unknown}
 f - a potion of heal wounds {unknown}
 h - a potion of curing {unknown}
 j - a potion of ambrosia {unknown}


   Skills:
 * Level 4.4 Fighting
 + Level 1.3 Armour
 + Level 3.1 Dodging
 - Level 2.1 Stealth
 * Level 4.4 Unarmed Combat
 + Level 1.3 Invocations


You had 4 spell levels left.
You didn't know any spells.
Your spell library was empty.

Dungeon Overview and Level Annotations

Branches:
Dungeon (3/15)

Altars:
Wu Jian


Innate Abilities, Weirdness & Mutations

You thrive by killing the living.
You are immune to poison.
You have sharp fingernails.
Your flesh is cold resistant. (rC+)
You are immune to negative energy. (rN+++)
You do not regenerate when monsters are visible.
You are immune to unholy pain and torment.


Message History

The kobold is severely wounded.
The bat closely misses you.
The kobold hits you with a +2 whip of electrocution.
The endoplasm hits you but does no damage.
You closely miss the kobold.
The kobold is severely wounded.
The bat hits you but does no damage. The kobold completely misses you.
The endoplasm freezes you.
You are frozen.
You resist.
You closely miss the kobold.
The kobold is severely wounded.
The bat hits you but does no damage. The kobold hits you but does no damage.
The endoplasm hits you but does no damage.
You barely miss the kobold.
The kobold is severely wounded.
The rat barely misses you.
The kobold hits you with a +2 whip of electrocution!
You are electrocuted!!
* * * LOW HITPOINT WARNING * * *
The endoplasm hits you but does no damage.
You spin and attack the bat.
You scratch the bat.
The bat is moderately wounded.
The bat barely misses you. The bat hits you but does no damage.
The bat hits you.
* * * LOW HITPOINT WARNING * * *
You barely miss the bat.
The bat is moderately wounded.
The bat barely misses you. The bat hits you.
* * * LOW HITPOINT WARNING * * *
You scratch the bat but do no damage.
The bat is moderately wounded.
The bat hits you but does no damage. The bat hits you but does no damage.
You closely miss the bat.
The bat is moderately wounded.
The bat closely misses you.
The kobold hits you with a +2 whip of electrocution.
You die...

####################
....##......#......#
....##......#......#
....##......#......#
...###......#.b....#
##...'......'......#
######......#...@).#
#...........#....K.#
#.####......######r#
#.#..+......######J########
#.#.##.............##.....#
.....................)....#
................<.........+
....#.###.##########......#
#.###†###+#### ##.....#


You could see an endoplasm, a bat, a kobold and a rat.

Vanquished Creatures
  Jessica (D:2)
  Robin (D:2)
  4 adders (D:2)
  3 dart slugs
  2 bats
  4 endoplasms
  3 giant cockroaches
  6 goblins
  12 hobgoblins
  3 jackals (D:1)
  4 quokkas (D:1)
  3 ball pythons (D:1)
  A frilled lizard (D:1)
  8 kobolds
  2 rats
57 creatures vanquished.

Notes
Turn   | Place    | Note
-------+----------+-------------------------------------------
     0 | D:1      | HallandMoats the Ghoul Monk began the quest for the Orb.
     0 | D:1      | Reached XP level 1. HP: 19/19 MP: 0/0
   335 | D:1      | Reached XP level 2. HP: 25/26 MP: 1/1
   779 | D:1      | Reached XP level 3. HP: 28/33 MP: 2/2
  1186 | D:1      | Found a faded altar of an unknown god.
  1384 | D:1      | Prayed at the altar of an unknown god.
  1384 | D:1      | Became a worshipper of the Wu Jian Council
  1384 | D:1      | Reached * piety under Wu Jian
  1384 | D:1      | Reached ** piety under Wu Jian
  1562 | D:2      | Reached skill level 1 in Invocations
  1562 | D:2      | Reached XP level 4. HP: 25/40 MP: 3/3
  1739 | D:2      | Reached skill level 1 in Armour
  1878 | D:2      | Noticed Jessica
  1893 | D:2      | Killed Jessica
  1988 | D:2      | Noticed Robin
  1999 | D:2      | Reached *** piety under Wu Jian
  2013 | D:2      | Killed Robin
  2014 | D:2      | Reached XP level 5. HP: 18/46 MP: 4/4
  2653 | D:3      | HP: 2/47 [bat (1)]
  2656 | D:3      | Slain by a kobold

Illustrated notes

Levels and vault maps discovered:
D:1:      minmay_arrival_solitary_statue, layout_loops_ring,
          shapermc_ecumenical_altar_hornbeckon, hex_large
D:2:      layout_loops_ring, uniq_robin, uniq_jessica
D:3:      cheibrodos_greedy_goblins, layout_basic

Skill      XL: |  1  2  3  4 |
---------------+-------------+-----
Unarmed Combat | 4 |  4.4
Invocations    | 1 |  1.3
Armour         | 1 |  1.3
Fighting       | 4 |  4.4
Dodging        | 3 |  3.1
Stealth        | |  2.1

Action                   |  1- 3 |  4- 6 || total
-------------------------+-------+-------++-------
Melee: Unarmed           |   124 |   103 ||   227
       Punch             |     2 |     4 ||     6
Invok: Lunge             |     2 |     9 ||    11
       Whirlwind         |       |     2 ||     2
 Stab: Sleeping          |     1 |     3 ||     4
Armor: Robe              |    17 |    39 ||    56
Dodge: Dodged            |    74 |    56 ||   130
